[Event "Asian Nation Cup Open 2018"]
[Site "Hamedan"]
[Date "2018.08.03"]
[Round "7"]
[White "Firouzja, Alireza"]
[Black "Noah, A .H. Al-Ali"]
[Result "1-0"]
[ECO "D25"]
[WhiteElo "2561"]
[BlackElo "2289"]
[Annotator "ChessBase"]
[PlyCount "95"]
[EventDate "2018.07.27"]
[EventType "swiss"]
[EventCountry "IRI"]
[SourceTitle "playchess.com"]
[Source "ChessBase"]
[SourceQuality "1"]
[WhiteTeam "Iran"]
[BlackTeam "Iraq"]
[WhiteTeamCountry "IRI"]
[BlackTeamCountry "IRQ"]
[TimeControl "40/5400+30:1800+30"]

1. d4 d5 2. Nf3 Nf6 3. c4 dxc4 4. e3 a6 5. Bxc4 c5 6. Qa4+ Bd7 7. Qd1 Nc6 8. O-O b5 9. Be2 e6 10. a3 cxd4 11. exd4 Qc7 12. Nc3 Rd8 13. Bg5 Be7 14. Rc1 O-O 15. Bd3 Be8 16. Ne4 Qb6 17. Nxf6+ Bxf6 18. Bxf6 gxf6 19. Qd2 Kg7 20. Qf4 Rg8 21. Qg4+ Kf8 22. Qh4 f5 23. Qxh7 Nxd4 24. Qh6+ Rg7 25. Ne5 Kg8 26. Rfe1 Nc6 27. Bxf5 Nxe5 28. Rxe5 Qd4 29. Re4 Qxb2 30. Rh4 Kf8 31. Rg4 Bc6 32. Rf1 exf5 33. Qh8+ Ke7 34. Qxg7 Qxg7 35. Rxg7 f4 36. Re1+ Kf8 37. Rg4 Rd4 38. g3 Ra4 39. Rxf4 Rxa3 40. h4 Bd7 41. h5 Kg8 42. g4 Rd3 43. Re7 Be6 44. g5 Rd5 45. g6 Rg5+ 46. Kf1 Bc4+ 47. Ke1 Kf8 48. gxf7 1-0

[Event "Asian Nation Cup Open 2018"]
[Site "Hamedan"]
[Date "2018.08.03"]
[Round "7"]
[White "Ghaem Maghami, Ehsan"]
[Black "Nguyen, Ngoc Truong Son"]
[Result "1/2-1/2"]
[ECO "B53"]
[WhiteElo "2537"]
[BlackElo "2618"]
[Annotator "ChessBase"]
[PlyCount "61"]
[EventDate "2018.07.27"]
[EventType "swiss"]
[EventCountry "IRI"]
[SourceTitle "playchess.com"]
[Source "ChessBase"]
[SourceQuality "1"]
[WhiteTeam "Iran"]
[BlackTeam "Vietnam"]
[WhiteTeamCountry "IRI"]
[BlackTeamCountry "VIE"]
[TimeControl "40/5400+30:1800+30"]

1. e4 c5 2. Nf3 d6 3. d4 cxd4 4. Qxd4 Nc6 5. Bb5 Bd7 6. Bxc6 Bxc6 7. Nc3 Nf6 8. Bg5 e6 9. O-O-O Be7 10. Rhe1 O-O 11. Kb1 Qa5 12. Qd2 Kh8 13. Nd4 Rfd8 14. f4 h6 15. Bxf6 Bxf6 16. g4 Qc5 17. f5 Bxd4 18. Qxd4 Qxd4 19. Rxd4 Rd7 20. a4 Rad8 21. b4 b6 22. Kb2 Kg8 23. Ra1 a5 24. b5 Bb7 25. Rf1 e5 26. Rc4 d5 27. exd5 Bxd5 28. Nxd5 Rxd5 29. Rf3 Rd4 30. Rfc3 Kf8 31. h4 1/2-1/2

[Event "Asian Nation Cup Open 2018"]
[Site "Hamedan"]
[Date "2018.08.03"]
[Round "7"]
[White "Pourramezanali, Amirreza"]
[Black "Nguyen, Anh Khoi"]
[Result "1-0"]
[ECO "B93"]
[WhiteElo "2537"]
[BlackElo "2454"]
[Annotator "RC"]
[PlyCount "69"]
[EventDate "2018.07.27"]
[EventType "swiss"]
[EventCountry "IRI"]
[SourceTitle "playchess.com"]
[Source "ChessBase"]
[SourceQuality "1"]
[WhiteTeam "Iran"]
[BlackTeam "Vietnam"]
[WhiteTeamCountry "IRI"]
[BlackTeamCountry "VIE"]
[TimeControl "40/5400+30:1800+30"]

1. e4 c5 2. Nf3 d6 3. d4 cxd4 4. Nxd4 Nf6 5. Nc3 a6 6. f4 e6 7. Qf3 Qb6 8. Nb3 Qc7 9. g4 b5 10. g5 Nfd7 11. a3 Bb7 12. Be3 Nc6 13. h4 Rc8 14. Bh3 b4 15. axb4 Nxb4 16. Qg2 d5 17. f5 e5 18. f6 d4 19. O-O-O Rd8 20. Nxd4 exd4 21. Bxd4 g6 22. h5 gxh5 23. Kb1 Rg8 24. Bf5 Qf4 25. Rhg1 Nc5 26. Bxh7 Rh8 27. g6 Rxd4 28. Rxd4 Qxf6 29. Rxb4 fxg6 30. Bxg6+ Kd7 31. Rxb7+ Nxb7 32. e5 Qb6 33. Bf5+ Ke8 34. Rd1 Nc5 35. Bg6+ 1-0

[Event "Asian Nation Cup Open 2018"]
[Site "Hamedan"]
[Date "2018.08.03"]
[Round "7"]
[White "Tran, Tuan Minh"]
[Black "Lorparizangeneh, Shahin"]
[Result "0-1"]
[ECO "D11"]
[WhiteElo "2520"]
[BlackElo "2493"]
[Annotator "RC"]
[PlyCount "38"]
[EventDate "2018.07.27"]
[EventType "swiss"]
[EventCountry "IRI"]
[SourceTitle "playchess.com"]
[Source "ChessBase"]
[SourceQuality "1"]
[WhiteTeam "Vietnam"]
[BlackTeam "Iran"]
[WhiteTeamCountry "VIE"]
[BlackTeamCountry "IRI"]
[TimeControl "40/5400+30:1800+30"]

1. d4 d5 2. c4 c6 3. Nf3 Nf6 4. Qc2 g6 5. Bf4 Bg7 6. e3 O-O 7. Nc3 c5 8. dxc5 dxc4 9. Bxc4 Qa5 10. O-O Qxc5 11. Ne5 Nc6 12. Nb5 Be6 13. Nxc6 Qxc4 14. Nxe7+ Kh8 15. Qxc4 Bxc4 16. Nd6 Bxf1 17. Kxf1 Rae8 18. Nxe8 Rxe8 19. Bd6 Bf8 0-1